 Dungeon Crawl Stone Soup version 0.15-a0-1569-gdbe329f (webtiles) character file.

46 Quh the Magician (level 3, -24/24 HPs)
             Began as a Demonspawn Wizard on June 18, 2014.
             Killed from afar by AvylaarBelgium's ghost (31 damage)
             ... with a shard of ice
             ... on Level 3 of the Dungeon.
             The game lasted 00:10:55 (2262 turns).

Quh the Magician (Demonspawn Wizard)                Turns: 2262, Time: 00:10:55

HP -24/24        AC  3     Str  7      XL: 3   Next: 44%
MP   1/7         EV 12     Int 20      God:
Gold 111         SH  0     Dex 11      Spells:  4 memorised,  1 level left

rFire  . . .     SeeInvis .     f - +0 short sword
rCold  . . .     Clarity  .     m - +1 robe
rNeg   . . .     rCorr    .     (no shield)
rPois  .         rRot     .     b - +0 hat
rElec  .         Spirit   .     (no cloak)
SustAb .         Warding  .     (no gloves)
rMut   .         Stasis   .     (no boots)
Gourm  .                        (no amulet)
MR     .....                    (no ring)
                                (no ring)

@: not resistant to hostile enchantments, unstealthy
A: antennae 2
a: no special abilities


You were on level 3 of the Dungeon.
You were not hungry.

You visited 1 branch of the dungeon, and saw 3 of its levels.

You collected 111 gold pieces.

Inventory:

Hand weapons
 f - a +0 short sword (weapon)
Missiles
 g - 7 stones (quivered)
Armour
 a - a +0 robe
 b - a +0 hat (worn)
 m - a +1 robe (worn)
Comestibles
 d - 2 bread rations
 o - a chunk of bat flesh
Scrolls
 k - a scroll of immolation {unknown}
 l - 2 scrolls of enchant weapon {unknown}
 p - a scroll of noise {unknown}
Potions
 e - 2 potions of haste {unknown}
 h - a potion of degeneration {unknown}
 i - 3 potions of heal wounds {unknown}
 j - 3 potions of curing {unknown}
 n - a potion of might {unknown}
 q - a potion of resistance {unknown}
Books
 c - a book of Minor Magic

   Spells                             Type                      Level
   *Magic Dart                        Conjuration                  1
   *Blink                             Translocation                2
   *Call Imp                          Summoning                    2
   *Repel Missiles                    Charms/Air                   2
   Slow                               Hexes                        2
   Conjure Flame                      Conjuration/Fire             3
   Mephitic Cloud                     Conjuration/Poison/Air       3
 r - a book of Dreams

   Spells                             Type                      Level
   Ensorcelled Hibernation            Hexes/Ice                    2
   Flight                             Charms/Air                   3
   Phase Shift                        Translocation                5
   Shadow Creatures                   Summoning                    5
   Mass Confusion                     Hexes                        6
   Darkness                           Hexes                        7


   Skills:
 - Level 1.7 Dodging
 - Level 1.7 Stealth
 - Level 3.0 Spellcasting
 * Level 2.2 Conjurations
 * Level 2.0 Summonings
 * Level 1.6 Translocations


You had one spell level left.
You knew the following spells:

 Your Spells              Type           Power        Failure   Level  Hunger
a - Magic Dart            Conj           ##..         10%         1    None
b - Blink                 Tloc           N/A          14%         2    ##.....
c - Call Imp              Summ           ##......     12%         2    ##.....
d - Repel Missiles        Chrm/Air       #.....       24%         2    ##.....


Dungeon Overview and Level Annotations

Branches:
Dungeon (3/15)

Altars:

Annotations:
D:3 AvylaarBelgium's ghost, average DEIE


Innate Abilities, Weirdness & Mutations

You have a pair of antennae on your head.


Message History

AvylaarBelgium's ghost completely misses your crimson imp.
Your crimson imp closely misses AvylaarBelgium's ghost.
AvylaarBelgium's ghost gestures at you while chanting.
The shard of ice misses your crimson imp.
The shard of ice hits you!
Ouch! That really hurt!
* * * LOW HITPOINT WARNING * * *
Your crimson imp hits AvylaarBelgium's ghost.
AvylaarBelgium's ghost hits your crimson imp.
Your crimson imp misses AvylaarBelgium's ghost.
AvylaarBelgium's ghost gestures wildly while chanting.
Your crimson imp blinks!
Your white imp closely misses AvylaarBelgium's ghost.
Your white imp gestures at AvylaarBelgium's ghost.
The puff of frost hits AvylaarBelgium's ghost.
Your white imp barely misses AvylaarBelgium's ghost.
AvylaarBelgium's ghost casts a spell at you.
The shard of ice hits you!
Ouch! That really hurt!
You die...

######5#### #.##
##Y# #..# #.5#
##.# #####W####
#.# #........#
#.# #........#
#.# +........#
#.# #........#
#.# #....@...#
#.# #........#
#<# ##'#######
#.# ####.# #.#
#....# ######'##
#.#### #.(..)...
...####.########
#........
................#
#..>.....
...#...........#
+........


You could see an ice beast, AvylaarBelgium's ghost, a friendly crimson imp and a
friendly white imp.

Vanquished Creatures
  2 oozes (D:2)
  3 giant cockroaches
  7 goblins
  3 hobgoblins (D:1)
  2 kobolds
  A quokka (D:2)
  6 bats
  A giant gecko (D:1)
  4 giant newts
  12 rats
41 creatures vanquished.

Vanquished Creatures (collateral kills)
  A jackal (D:3)
  A kobold (D:1)
  A rat (D:1)
3 creatures vanquished.

Vanquished Creatures (others)
  A crimson imp (D:3)
1 creature vanquished.

Grand Total: 45 creatures vanquished

Notes
Turn   | Place    | Note
--------------------------------------------------------------
     0 | D:1      | Quh, the Demonspawn Wizard, began the quest for the Orb.
     0 | D:1      | Reached XP level 1. HP: 13/13 MP: 4/4
   447 | D:1      | Gained mutation: You have a pair of small antennae on your head. [demonic ancestry]
   447 | D:1      | Reached XP level 2. HP: 19/19 MP: 3/6
   479 | D:1      | Learned a level 2 spell: Blink
   482 | D:1      | Learned a level 2 spell: Call Imp
   485 | D:1      | Learned a level 2 spell: Repel Missiles
   498 | D:1      | Reached skill level 1 in Translocations
  1405 | D:2      | Gained mutation: You have a pair of antennae on your head. [demonic ancestry]
  1405 | D:2      | Reached XP level 3. HP: 24/24 MP: 7/7
  2228 | D:3      | Noticed AvylaarBelgium's ghost (average DEIE)
  2259 | D:3      | Noticed an ice beast
  2262 | D:3      | Killed from afar by AvylaarBelgium's ghost

Action                   || total
-------------------------++-------
Melee: Short sword       ||    42
 Cast: Magic Dart        ||    73
       Call Imp          ||     5
 Stab: Sleeping          ||     1
